 Dungeon Crawl Stone Soup version 0.31-a0-437-g7cee417757 (webtiles) character file.

Game seed: 603178200344076994

1516 AdnanSaban the Cudgeller (level 8, 0/48 HPs)
             Began as a Gargoyle Fighter on Aug 2, 2023.
             Was a Follower of Okawaru.
             Slain by a killer bee (3 damage)
             ... on level 7 of the Dungeon.
             The game lasted 00:05:36 (6192 turns).

AdnanSaban the Cudgeller (Gargoyle Fighter)         Turns: 6192, Time: 00:05:37

Health: 0/48       AC: 19    Str: 22    XL:     8   Next: 83%
Magic:  8/8        EV:  6    Int:  9    God:    Okawaru [*.....]
Gold:   268        SH:  9    Dex:  9    Spells: 7/7 levels left

rFire   + . .        a - +0 flail
rCold   . . .        A - +0 kite shield
rNeg    + . .        D - +0 plate armour
rPois   ∞            m - +0 helmet
rElec   +            (no cloak)
rCorr   .            (no gloves)
SInv    .            (no boots)
Will    +....        (no amulet)
Stlth   x              - ring of willpower
HPRegen 0.28/turn    y - ring of protection from fire
MPRegen 0.11/turn

%: no passive effects
@: no status effects
A: sickness immunity, AC +5, negative energy resistance 1, electricity
resistance, torment resistance 1, petrification resistance
a: Renounce Religion, Heroism


You were on level 7 of the Dungeon.
You worshipped Okawaru.
Okawaru was aware of your devotion.
You visited 2 branches of the dungeon, and saw 8 of its levels.

You collected 268 gold pieces.

Inventory:

Hand Weapons
 a - a +0 flail (weapon)
 n - a +0 morningstar
Missiles
 b - 7 poisoned darts
 q - 2 atropa-tipped darts
 v - 14 boomerangs
 B - 6 curare-tipped darts
Armour
 m - a +0 helmet (worn)
 A - a +0 kite shield (worn)
 D - a +0 plate armour (worn)
Jewellery
 h - a ring of positive energy
 x - a ring of willpower (left hand)
 y - a ring of protection from fire (right hand)
Wands
 c - a wand of polymorph (5)
 C - a wand of iceblast (10)
Scrolls
 f - a scroll of poison {unknown}
 i - a scroll of immolation {unknown}
 l - 7 scrolls of identify {unknown}
 o - 2 scrolls of enchant weapon {unknown}
 p - a scroll of fear {unknown}
 s - 2 scrolls of torment {unknown}
 t - a scroll of vulnerability {unknown}
 w - a scroll of fog {unknown}
 z - a scroll of revelation {unknown}
Potions
 d - 3 potions of might
 e - a potion of berserk rage {unknown}
 g - 3 potions of attraction {unknown}
 j - a potion of degeneration {unknown}
 k - 2 potions of curing {unknown}
 r - 3 potions of enlightenment {unknown}
 u - a potion of cancellation {unknown}


   Skills:
 + Level 4.9 Fighting
 + Level 7.0 Maces & Flails
 + Level 6.3 Armour
 + Level 2.4 Dodging
 + Level 0.7 Stealth
 + Level 5.9 Shields


You had 7 spell levels left.
You didn't know any spells.
Your spell library contained the following spells:

 Spells                   Type           Power      Damage    Failure   Level
 Magic Dart               Conj           0%         1d3       100%        1
 Static Discharge         Conj/Air       0%         2-2/arc   100%        2
 Hailstorm                Conj/Ice       0%         3d3       100%        3
 Mephitic Cloud           Conj/Pois/Air  0%         N/A       100%        3
 Airstrike                Air            0%         2d(0-16)  100%        4
 Call Imp                 Summ           Unusable   N/A       N/A         2
 Summon Ice Beast         Ice/Summ       Unusable   N/A       N/A         4
 Summon Lightning Spire   Summ/Air       Unusable   N/A       N/A         4
 Simulacrum               Ice/Necr       Unusable   N/A       N/A         6

Dungeon Overview and Level Annotations

Branches:
Dungeon (7/15)             Temple (1/1) D:6

Altars:
Cheibriados
Dithmenos
Elyvilon
Fedhas
Gozag
Hepliaklqana
Kikubaaqudgha
Nemelex Xobeh
Okawaru
Qazlal
Ru
Sif Muna
Trog
Uskayaw
Vehumet
Wu Jian
Xom
Yredelemnul
Zin
The Shining One

Shops:
D:5 :   D:7 (


Innate Abilities, Weirdness & Mutations

You are immune to sickness and miasma.
Your stone body is resilient. (AC +5)
You are immune to poison.
You resist negative energy. (rN+)
You are resistant to electric shocks. (rElec)
You are resistant to unholy torment.
You are immune to petrification.


Message History

The killer bee attacks as you move away!
The killer bee stings you but does no damage.
The killer bee attacks as you move away!
The killer bee stings you.
The killer bee stings you but does no damage. x2
The killer bee attacks as you move away!
The killer bee stings you but does no damage.
The killer bee attacks as you move away!
The killer bee stings you.
The killer bee attacks as you move away!
You block the killer bee's attack.
The killer bee stings you but does no damage.
The killer bee closely misses you.
The killer bee attacks as you move away!
The killer bee stings you but does no damage.
You block the killer bee's attack. x2; The killer bee stings you.
* * * LOW HITPOINT WARNING * * *
The killer bee attacks as you move away!
The killer bee stings you but does no damage.
The killer bee barely misses you.
The killer bee attacks as you move away!
The killer bee stings you but does no damage.
The killer bee stings you.
* * * LOW HITPOINT WARNING * * *
You block the killer bee's attack. The killer bee closely misses you.
The killer bee stings you but does no damage.
The killer bee stings you.
* * * LOW HITPOINT WARNING * * *
The killer bee stings you but does no damage.
The killer bee attacks as you move away!
You block the killer bee's attack. The killer bee stings you.
* * * LOW HITPOINT WARNING * * *
The killer bee stings you but does no damage.
The killer bee stings you.
* * * LOW HITPOINT WARNING * * *
The killer bee stings you but does no damage.
The killer bee stings you.
* * * LOW HITPOINT WARNING * * *
The killer bee stings you.
You die...

#....####.###.#.#.#.....#
#.#####.......#.........#
#.#############.#....#.#######.
>..................#...........
#######...############..######.#
#...### #.........###.....
#.....# #.#######......##
#[....# #................#
#.....# #y@###########.#.#
#.....# #yy# # #.....# #yy#
#.....# #.y# #.....# #..# #....#
#.....# #..# #.... ####### #..#
#...######## #(.# #...........
#..# #... .......


You could see 6 killer bees.

Vanquished Creatures
  A water moccasin (D:6)
  An orc warrior (D:6)
  An ice beast (D:6)
  A centaur (D:7)
  A kobold brigand (D:6)
  4 scorpions
  4 necrophages (D:4)
  A howler monkey (D:6)
  3 hounds
  2 orc priests (D:6)
  3 iguanas
  2 sleepcaps
  An orc wizard (D:4)
  A hound zombie (D:4)
  Robin (D:2)
  8 gnolls
  4 adders
  A white imp (D:7)
  An adder zombie (D:4)
  2 worms
  3 dart slugs
  18 orcs
  2 endoplasms
  5 giant cockroaches
  10 goblins
  3 hobgoblins
  6 jackals
  2 quokkas
  4 ball pythons
  9 bats
  2 frilled lizards
  A jackal zombie (D:4)
  9 kobolds
  5 rats
122 creatures vanquished.

Notes
Turn   | Place    | Note
-------+----------+-------------------------------------------
     0 | D:1      | AdnanSaban the Gargoyle Fighter began the quest for the
                  | Orb.
     0 | D:1      | Reached XP level 1. HP: 14/14 MP: 1/1
   152 | D:1      | Reached XP level 2. HP: 19/19 MP: 2/2
   510 | D:1      | Reached XP level 3. HP: 23/23 MP: 3/3
  1064 | D:2      | Reached XP level 4. HP: 25/28 MP: 4/4
  1118 | D:2      | Reached skill level 3 in Maces & Flails
  1263 | D:2      | Noticed Robin
  1305 | D:2      | Killed Robin
  1999 | D:3      | Found a stormy altar of Qazlal.
  2031 | D:3      | Found a shimmering altar of Xom.
  2085 | D:3      | Reached skill level 1 in Dodging
  2085 | D:3      | Reached XP level 5. HP: 23/33 MP: 5/5
  2285 | D:3      | Found an ornate altar of the Wu Jian Council.
  3002 | D:4      | Reached skill level 4 in Maces & Flails
  3002 | D:4      | Reached XP level 6. HP: 28/38 MP: 6/6
  3413 | D:4      | You fall into a shaft and drop 2 floors!
  3432 | D:5      | Entered Level 5 of the Dungeon
  3662 | D:4      | Found a blossoming altar of Fedhas.
  3942 | D:4      | Reached XP level 7. HP: 33/43 MP: 7/7
  3951 | D:4      | Reached skill level 5 in Maces & Flails
  3951 | D:4      | Reached skill level 5 in Armour
  4336 | D:5      | Found Geloon's Self-Published Books.
  4598 | D:5      | Reached skill level 6 in Maces & Flails
  4847 | D:6      | Reached XP level 8. HP: 45/48 MP: 8/8
  4891 | D:6      | Found a staircase to the Ecumenical Temple.
  4974 | Temple   | Entered the Ecumenical Temple
  4996 | Temple   | Became a worshipper of Warmaster Okawaru
  5032 | D:6      | Reached skill level 5 in Shields
  5778 | D:6      | Reached * piety under Okawaru
  5914 | D:7      | Reached skill level 7 in Maces & Flails
  5954 | D:7      | Found a radiant altar of Vehumet.
  5955 | D:7      | Found a hazy altar of Hepliaklqana.
  5958 | D:7      | Found a sparkling altar of Nemelex Xobeh.
  5960 | D:7      | Found an opulent altar of Gozag.
  6144 | D:7      | Noticed a +0 giant club
  6146 | D:7      | Found Orahaf's Weapon Shop.
  6148 | D:7      | Noticed a +0 giant spiked club
  6192 | D:7      | Slain by a killer bee

Illustrated notes

Levels and vault maps discovered:
D:1:      doesnt_arrival_eight_statues, layout_basic, serial_corexii_hall,
          corexii_hall_statues_x, corexii_hall_statues_i,
          corexii_hall_statues_i, corexii_hall_statues_l, minmay_statues_item,
          moated_statue, hangedman_decor_opposing
D:2:      layout_loops_ring, uniq_robin
D:3:      layout_loops_ring, nicolae_qazlal_eye_of_the_storm,
          mainiacjoe_overflow_catch_the_wave
D:4:      layout_basic, fedhas_altar_decomposition, serial_glass,
          glass_columns_a, glass_columns_b
D:5:      layout_gridville, nicolae_custom_books
D:6:      wander_river, layout_loops_ring, minmay_temple_entry_butterflies
D:7:      layout_basic, minitemple, bloody_makhleb, serial_shops,
          nicolae_shop_mannequins, enter_ossuary_2
Temple:   hellmonk_temple_forest_ring

Skill      XL: |  1  2  3  4  5  6  7  8 |
---------------+-------------------------+-----
Maces & Flails | 3 4 6 7 |  7.0
Armour         | 4 5 6 |  6.3
Dodging        | 1 2 |  2.4
Shields        | 4 5 |  5.9
Fighting       | 4 |  4.9
Stealth        | |  0.7

Action                     |  1- 3 |  4- 6 |  7- 9 || total
---------------------------+-------+-------+-------++-------
  Melee: Flail             |    99 |   272 |   246 ||   617
 Armour: Scale mail        |    83 |   163 |    88 ||   334
         Plate armour      |       |       |    63 ||    63
  Dodge: Dodged            |    65 |   123 |    91 ||   279
  Block: Buckler           |    28 |    50 |    12 ||    90
         Kite shield       |       |       |    99 ||    99

Table legend: (Time is in decaauts)
 A = Elapsed time spent in this place.
 B = Non-inter-level travel time spent in this place.
 C = Inter-level travel time spent in this place.
 D = Time resting spent in this place.
 E = Time spent auto-exploring this place.
 F = Levels seen in this place.
 G = Mean time per level.
                   A        B        C        D        E       F      G
               +--------+--------+--------+--------+--------+-----+--------+
         Total |   6365 |   6047 |    318 |    205 |   4523 |   8 |  795.6 |
       Dungeon |   6328 |   6038 |    290 |    205 |   4516 |   7 |  904.0 |
        Temple |     37 |      9 |     28 |      0 |      7 |   1 |   37.0 |
               +--------+--------+--------+--------+--------+-----+--------+

Top non-repeatable levels by time:
     D:6: 1152 daAuts
     D:4: 1099 daAuts
     D:3: 1062 daAuts
     D:1: 996 daAuts
     D:2: 932 daAuts
     D:5: 783 daAuts
     D:7: 301 daAuts
  Temple: 37 daAuts
